 Dungeon Crawl Stone Soup version 0.20-a0-673-g53087c7 (webtiles) character file.

644 M4edhros the Covert (level 7, 0/44 HPs)
             Began as an Octopode Artificer on Feb 18, 2017.
             Was an Initiate of Fedhas.
             Slain by an ogre
             ... wielding a +0 giant spiked club
              (12 damage)
             ... on level 5 of the Dungeon.
             The game lasted 00:05:54 (5202 turns).

M4edhros the Covert (Octopode Artificer)            Turns: 5202, Time: 00:05:54

Health: 0/44       AC:  1    Str: 12    XL:     7   Next: 52%
Magic:  9/9        EV: 14    Int: 13    God:    Fedhas [......]
Gold:   205        SH:  0    Dex: 14    Spells: 6/6 levels left

rFire    . . .     SeeInvis .   w - -1 dagger (curse)
rCold    . . .     Gourm    .   (no shield)
rNeg     . . .     Faith    .   (helmet restricted)
rPois    .         Spirit   .   (no amulet)
rElec    .         Reflect  .   y - ring of stealth
rCorr    .         Harm     .   i - ring of wizardry
MR       .....                  (no ring)
Stlth    ++++++....             (no ring)
Regen    0.2/turn               (no ring)
MPRegen  0.2/turn               (no ring)
                                (no ring)
                                (no ring)

@: no status effects
A: almost no armour, stealthy swim, amphibious, 8 rings, constrict 8, camouflage
1, gelatinous body 1
a: Fungal Bloom, Renounce Religion


You were on level 5 of the Dungeon.
You worshipped Fedhas.
Fedhas was noncommittal.
You were not hungry.

You visited 1 branch of the dungeon, and saw 5 of its levels.
You also visited: Ossuary.

You collected 205 gold pieces.

Inventory:

Hand Weapons
 a - a +0 short sword
 h - a +1 hunting sling of velocity
 t - a cursed -3 trident
 w - a cursed -1 dagger (weapon)
 B - a +2 quarterstaff of chaos
 C - a cursed +0 mace
Missiles
 q - 38 sling bullets
 u - 47 stones (quivered)
Jewellery
 i - a ring of wizardry (right tentacle)
 k - an uncursed ring of ice
 y - a ring of stealth (left tentacle)
Wands
 b - a wand of flame (1/48)
 c - a wand of enslavement (14/24)
 d - a wand of random effects (13/48)
 n - a wand of iceblast (15/15)
Scrolls
 e - 2 scrolls of magic mapping
 l - a scroll of teleportation
 p - a scroll of identify
Potions
 f - 2 potions of agility {unknown}
 g - 2 potions of lignification
 j - 6 potions of curing
 m - 2 potions of experience {unknown}
 o - a potion of invisibility {unknown}
 s - a potion of haste {unknown}
 x - a potion of magic {unknown}
 A - a potion of cancellation {unknown}
Comestibles
 r - 4 meat rations
 v - 4 fruits
 z - 3 bread rations


   Skills:
 + Level 1.8 Fighting
 - Level 1.0 Short Blades
 + Level 2.4 Dodging
 + Level 10.4 Stealth
 + Level 1.8 Invocations
 - Level 3.2 Evocations


You had 6 spell levels left.
You didn't know any spells.

Dungeon Overview and Level Annotations

Branches:
Dungeon (5/15)
 Temple: D:4-7

Altars:
Ashenzari
Dithmenos
Fedhas
Ru
Uskayaw

Shops:
D:4 (


Innate Abilities, Weirdness & Mutations

You cannot wear most types of armour.
You are very stealthy in the water. (Stealth+)
You are amphibious.
You can wear up to eight rings at the same time.
You can use your tentacles to constrict eight enemies at once.
Your skin changes colour to match your surroundings (Stealth+).
Your rubbery body absorbs attacks. (AC +1, EV +1)


Message History

Your wandering mushroom releases spores at the ogre.
The ogre is engulfed in a cloud of spores!
You barely miss the ogre.
The ogre is lightly wounded.
Your wandering mushroom barely misses the ogre.
The ogre hits you with a giant spiked club!
* * * LOW HITPOINT WARNING * * *
Your wandering mushroom releases spores at the ogre!
The ogre is engulfed in a cloud of spores!
Evoke which item? (* to show all) (? for menu, Esc to quit)
Aiming: Random Effects
Press: ? - help, Shift-Dir - straight line, f - ogre
Aim: an ogre, wielding a giant spiked club (heavily wounded)
The ogre resists with significant effort.
This wand has 13 charges left.
Your wandering mushroom releases spores at the ogre!
The ogre is engulfed in a cloud of spores!
The ogre hits you with a giant spiked club!
You die...
Fedhas appreciates your contribution to the ecosystem.

............##.#.#.#.#.#.#.#.#.#.
............###.#.#.#.#.#.#.#.#.#
......##.......#.#.#.#.#.#.#.#.#.
###...##..........#.#.#.#.#.#.#.#
#...###..........#.#.#.#.#.#.#.
#######.........#.#.#.#.#.#.#.#
#.........)..#+#.#.#.#.#.#.#.#.
#..........f..#.#.#.#.#.#.#.#.#
#.........##.#@#.#.#.#.#.#.#.#.
#.........###O#.#.#.#.#.#.#.#.#
#.........##.#####.#.#.#.#.#.#.
#.........###f#_#.#.#.#.#.#.#.#
#.........##f##'##.#.#.#.#.#.#.
#.........###f#f#f#.#.#.#.#.#.#
#.........##.#.#.#.#.#.#.#.#.#>
#############.#.#.#.#.#.#.#.#.#
#.#.#.#.#.#.#.#.#.#.


You could see an ogre and a friendly wandering mushroom.

Vanquished Creatures
  An ogre (D:5)
  2 water moccasin zombies (Ossuary)
  A howler monkey (D:3)
  Crazy Yiuf (D:2)
  A jelly (D:5)
  A centaur skeleton (D:5)
  An orc wizard (D:4)
  A worker ant (D:4)
  A big kobold zombie (Ossuary)
  2 mummies (Ossuary)
  6 adders
  An ooze (D:2)
  6 adder zombies (Ossuary)
  5 worms
  3 dart slugs
  5 leopard geckos
  8 orcs
  5 bats
  2 giant cockroaches (D:3)
  2 gnoll zombies (Ossuary)
  9 goblins
  4 hobgoblins
  6 frilled lizards
  5 hobgoblin zombies (Ossuary)
  3 kobolds
  2 kobold zombies (Ossuary)
  6 orc zombies (Ossuary)
  3 rats
93 creatures vanquished.

Vanquished Creatures (collateral kills)
  An ogre (D:5)
1 creature vanquished.

Vanquished Creatures (others)
  A hound (D:4)
  7 toadstools
8 creatures vanquished.

Grand Total: 102 creatures vanquished

Notes
Turn   | Place    | Note
-------+----------+-------------------------------------------
     0 | D:1      | M4edhros the Octopode Artificer began the quest for the Orb.
     0 | D:1      | Reached XP level 1. HP: 13/13 MP: 3/3
    41 | D:1      | Reached skill level 2 in Stealth
    60 | D:1      | Reached skill level 3 in Stealth
    60 | D:1      | Reached XP level 2. HP: 13/18 MP: 4/4
   217 | D:3      | Noticed a howler monkey
   227 | D:3      | Killed a howler monkey
   227 | D:3      | Reached skill level 5 in Stealth
   227 | D:3      | Reached XP level 3. HP: 14/23 MP: 5/5
   227 | D:3      | Reached XP level 4. HP: 17/28 MP: 6/6
   409 | D:4      | Found a sand-covered staircase.
   412 | D:4      | Found Tayhajoj's Weapon Shop.
   432 | D:4      | Found a sacrificial altar of Ru.
   516 | D:4      | Reached skill level 6 in Stealth
   528 | D:5      | Entered Level 5 of the Dungeon
   593 | D:5      | Found a hide-covered altar of Uskayaw.
   605 | D:5      | Reached XP level 5. HP: 8/33 MP: 7/7
   675 | Ossuary  | Entered an ossuary
   834 | Ossuary  | Reached skill level 7 in Stealth
  1229 | Ossuary  | Reached skill level 8 in Stealth
  1568 | Ossuary  | Reached XP level 6. HP: 30/38 MP: 8/8
  1903 | Ossuary  | Reached skill level 9 in Stealth
  2338 | D:5      | Reached skill level 10 in Stealth
  2338 | D:5      | Reached XP level 7. HP: 22/43 MP: 9/9
  2493 | D:5      | Found a blossoming altar of Fedhas.
  2502 | D:5      | Became a worshipper of Fedhas Madash
  3199 | D:2      | Found a shattered altar of Ashenzari.
  3310 | D:2      | Found a runed door.
  3388 | D:2      | Reached * piety under Fedhas
  3680 | D:2      | Noticed Crazy Yiuf
  3684 | D:2      | Killed Crazy Yiuf
  4044 | D:3      | Reached skill level 1 in Invocations
  5176 | D:5      | Found a shadowy altar of Dithmenos.
  5202 | D:5      | Slain by an ogre

Vault maps used:
D:1:      minmay_arrival_four_houses
D:2:      evilmike_ruin_ashenzari, uniq_crazy_yiuf_cottage
D:4:      cheibrodos_quashed, nicolae_ru_awakened_eye,
          lightli_ossuary_entry_decrepit_ruins, serial_shops, shop, first_bread
D:5:      kennysheep_mini, kennysheep_little_box, fedhas_altar_3,
          grunt_ministairs_8
Ossuary:  ossuary_tomb_2

Skill      XL: |  1  2  3  4  5  6  7 |
---------------+----------------------+-----
Stealth        | 3 5 6 8 10 | 10.4
Invocations    | 1 |  1.8
Fighting       | |  1.8
Short Blades   | |  1.0
Dodging        | |  2.4
Evocations     | |  3.2

Action                   |  1- 3 |  4- 6 |  7- 9 || total
-------------------------+-------+-------+-------++-------
Melee: Short sword       |    31 |   109 |    25 ||   165
       Constrict         |     9 |    25 |    22 ||    56
       Tentacles         |     5 |    23 |    17 ||    45
       Dagger            |       |       |    64 ||    64
Invok: Fungal Bloom      |       |       |     4 ||     4
       Evolution         |       |       |     1 ||     1
Evoke: Wand              |       |    13 |     4 ||    17
  Use: Scroll            |       |     1 |     7 ||     8
       Potion            |       |     1 |     1 ||     2
 Stab: Sleeping          |     4 |    11 |    11 ||    26
  Eat: Bread ration      |       |     1 |     1 ||     2
       Chunk             |       |       |     4 ||     4
       Royal jelly       |       |       |     1 ||     1
Armor: Skin              |       |    35 |     3 ||    38
Dodge: Dodged            |    15 |    42 |    43 ||   100
